 Dungeon Crawl Stone Soup version 0.21.0-3-g78d12a8 (webtiles) character file.

47 JayRed the Sneak (level 3, -3/24 HPs)
             Began as a Vampire Enchanter on Jan 10, 2018.
             Slain by a worm (8 damage)
             ... on level 2 of the Dungeon.
             The game lasted 00:17:12 (1146 turns).

JayRed the Sneak (Vampire Enchanter)                Turns: 1146, Time: 00:17:12

Health: -3/24      AC:  5    Str:  8    XL:     3   Next: 48%
Magic:  1/6        EV:  9    Int: 17    God:
Gold:   36         SH:  3    Dex: 14    Spells: 1/7 levels left

rFire    + . .     SeeInvis +   a - +1 dagger
rCold    . . .     Gourm    .   i - +0 buckler
rNeg     + + .     Faith    .   q - +0 ring mail
rPois    +         Spirit   .   (no helmet)
rElec    .         Reflect  .   (no cloak)
rCorr    .         Harm     .   (no gloves)
MR       .....                  (no boots)
Stlth    +++.......             (no amulet)
HPRegen  0.04/turn              o - ring of fire
MPRegen  0.10/turn              (no ring)

@: very slightly contaminated, regenerating slowly
A: fangs 3, see invisible, unbreathing
a: Bat Form


You were on level 2 of the Dungeon.
You were thirsty.

You visited 1 branch of the dungeon, and saw 2 of its levels.

You collected 36 gold pieces.

Inventory:

Hand Weapons
 a - a +1 dagger (weapon)
 h - a cursed -1 club
 n - a +0 dagger
 s - a +0 whip
 t - a +0 dagger
 u - a cursed -2 club
 v - a cursed +0 short sword
Missiles
 e - 17 bolts
 f - 61 stones (quivered)
 y - 25 arrows
Armour
 b - a +0 robe
 i - a +0 buckler (worn)
 l - a +0 ring mail
 q - a +0 ring mail (worn)
Jewellery
 o - a ring of fire (left hand)
Scrolls
 g - 2 scrolls of fog
 w - a scroll of teleportation
 x - 2 scrolls of noise
Potions
 d - a potion of blood
 j - a potion of lignification
 k - a potion of curing
 p - a potion of degeneration {unknown}
 r - 2 potions of resistance {unknown}
Books
 c - a book of Maledictions

   Spells                             Type                      Level
   a - Corona                         Hexes                        1
   b - Ensorcelled Hibernation        Hexes/Ice                    2
   c - Confuse                        Hexes                        3
   d - Tukima's Dance                 Hexes                        3
   e - Dazzling Spray                 Conjuration/Hexes            3
Comestibles
 m - 2 rations


   Skills:
 + Level 1.2 Short Blades
 + Level 2.3 Dodging
 + Level 5.5 Stealth
 + Level 2.5 Spellcasting
 + Level 5.0 Hexes


You had one spell level left.
You knew the following spells:

 Your Spells              Type           Power        Failure   Level  Hunger
a - Corona                Hex            ###....      12%         1    #......
b - Ensorcelled Hibernat  Hex/Ice        ##....       45%         2    ##.....
c - Tukima's Dance        Hex            ###.....     36%         3    ###....


Dungeon Overview and Level Annotations

Branches:
Dungeon (2/15)

Altars:


Innate Abilities, Weirdness & Mutations

You heal slowly.
You have razor-sharp teeth.
You have supernaturally acute eyesight. (SInv)
You can survive without breathing.


Message History

You hit the worm. Your bite misses the worm.
The worm is moderately wounded.
You hit the worm but do no damage.
The worm is moderately wounded.
The worm bites you but does no damage.
You hit the worm.
The worm is moderately wounded.
You hit the worm but do no damage.
The worm is moderately wounded.
The worm closely misses you.
You hit the worm.
The worm is moderately wounded.
The worm bites you.
* * * LOW HITPOINT WARNING * * *
You hit the worm.
The worm is heavily wounded.
You hit the worm.
The worm is heavily wounded.
The worm bites you!
You die...

################ #...............
#.############## #.# #.# ######
#######'### #..... .....#
#...w@....###+## ..... ####.#
#.........#....# .... . #.#
#.........#....# ... ##.#.#
#.........#....# .. .. #.#
#######'###....######.
#..#.#+#### ###.###...........
#..#......### #.....'...........
#>........+.####.#.###.......###.
#..#......#....#.#.# ###.###.###.


You could see a worm.

Vanquished Creatures
  2 adders (D:2)
  A worm (D:2)
  A leopard gecko (D:1)
  4 bats
  A giant cockroach (D:1)
  2 goblins
  2 hobgoblins (D:1)
  A jackal (D:1)
  2 frilled lizards (D:1)
  5 kobolds
  6 rats
27 creatures vanquished.

Notes
Turn   | Place    | Note
-------+----------+-------------------------------------------
     0 | D:1      | JayRed the Vampire Enchanter began the quest for the Orb.
     0 | D:1      | Reached XP level 1. HP: 13/13 MP: 3/3
   169 | D:1      | Reached skill level 5 in Stealth
   347 | D:1      | Reached XP level 2. HP: 14/19 MP: 1/5
   381 | D:1      | Learned a level 2 spell: Ensorcelled Hibernation
   950 | D:2      | Reached XP level 3. HP: 7/24 MP: 3/6
   957 | D:2      | Learned a level 3 spell: Tukima's Dance
  1054 | D:2      | Reached skill level 5 in Hexes
  1146 | D:2      | Slain by a worm

Skill      XL: |  1  2  3 |
---------------+----------+-----
Stealth        | 5 |  5.5
Hexes          | 5 |  5.0
Short Blades   | |  1.2
Dodging        | |  2.3
Spellcasting   | |  2.5

Action                   || total
-------------------------++-------
Melee: Dagger            ||   136
       Bite              ||     9
 Cast: Corona            ||    11
       Ensorcelled Hiber ||     5
       Tukima's Dance    ||     1
  Use: Scroll            ||     4
       Potion            ||     4
 Stab: Sleeping          ||     3
  Eat: Corpse            ||     1
Armor: Ring mail         ||    38
       Robe              ||     2
Dodge: Dodged            ||    62
Block: Buckler           ||    11
